 Dungeon Crawl Stone Soup version 0.14-a0-882-gdff4d47 (webtiles) character file.

447 4tharraofdagon the Firebug (level 6, -2/49 HPs)
             Began as a Naga Fire Elementalist on Nov 17, 2013.
             Slain by a wight
             ... wielding a cursed +1,+2 hand axe
              (3 damage)
             ... on Level 7 of the Dungeon.
             The game lasted 00:11:03 (971 turns).

4tharraofdagon the Firebug (Naga Fire Elementalist)  Turns: 971, Time: 00:11:03

HP  -2/49        AC  4     Str 10      XL: 6   Next: 87%
MP   2/12        EV 14     Int 17      God:
Gold 41          SH  0     Dex 17      Spells:  3 memorised,  2 levels left

Res.Fire  : . . .   See Invis. : +   j - +3 elf blowgun
Res.Cold  : . . .   Warding    : .   a - +0 robe
Life Prot.: . . .   Conserve   : .   (no shield)
Res.Poison: +       Res.Corr.  : .   (no helmet)
Res.Elec. : .       Clarity    : .   (no cloak)
Sust.Abil.: . .     Spirit.Shd : .   o - +0 pair of gloves
Res.Mut.  : .       Stasis     : .   (no barding)
Res.Rott. : .       Flight     : .   (no amulet)
Saprovore : . . .                    (no ring)
                                     i - ring of wizardry

@: short of breath, silence, agile, very slightly contaminated, heavily drained,
very slow, somewhat resistant to hostile enchantments, fairly stealthy
A: spit poison, see invisible, deformed body, poison resistance, slowness 2, AC
+2
a: Spit Poison


You were on level 7 of the Dungeon.
You were not hungry.

You visited 1 branch of the dungeon, and saw 7 of its levels.

You collected 41 gold pieces.

Inventory:

Hand weapons
 f - a -1,+1 orcish hand axe
 j - a +3 elven blowgun (weapon)
 m - a +2,+0 elven short sword
Missiles
 d - 9 exploding darts
 k - 2 poisoned needles (quivered)
Armour
 a - a +0 robe (worn)
 o - a +0 pair of gloves (worn)
Comestibles
 c - 2 bread rations
 g - a royal jelly
 h - 3 meat rations
 v - 2 apples
Scrolls
 e - 2 scrolls of identify
 n - a scroll of random uselessness {unknown}
 q - a scroll of remove curse {unknown}
 s - a scroll of immolation
Jewellery
 i - a ring of wizardry (left hand)
Potions
 l - a potion of agility
 r - a potion of flight
 t - a potion of curing
Books
 b - a book of Flames

   Spells                             Type                      Level
   *Flame Tongue                      Conjuration/Fire             1
   Throw Flame                        Conjuration/Fire             2
   *Conjure Flame                     Conjuration/Fire             3
   Inner Flame                        Hexes/Fire                   3
   *Sticky Flame                      Conjuration/Fire             4
   Fireball                           Conjuration/Fire             5


   Skills:
 - Level 1.5(0.4) Dodging
 - Level 3.0(1.8) Stealth
 + Level 2.8(1.6) Spellcasting
 * Level 4.2(3.0) Conjurations
 * Level 5.3(4.1) Fire Magic


You had 2 spell levels left.
You knew the following spells:

 Your Spells              Type           Power        Failure   Level  Hunger
a - Flame Tongue          Conj/Fire      ##...        1%          1    ##.....
b - Conjure Flame         Conj/Fire      ##......     5%          3    ####...
c - Sticky Flame          Conj/Fire      ##......     19%         4    #####..


Dungeon Overview and Level Annotations

Branches:
Dungeon (7/16)
 Temple: D:4-7          Orc: D:6-11

Altars:
the Shining One

Annotations:
D:5 araganzar's ghost, average FoCK


Innate Abilities, Weirdness & Mutations

You cannot wear boots.
You can spit poison.
Your serpentine skin is tough (AC +2).
You have supernaturally acute eyesight.
Armour fits poorly on your strangely shaped body.
Your system is resistant to poisons.
You cover ground very slowly.


Message History

* * * LOW HITPOINT WARNING * * *
Unknown command.
Drink which item? (? for menu, Esc to quit)
You feel much better. The quokka misses you.
The wight hits you with a runed hand axe.
The wight misses you.
You aren't carrying any items that can be evoked.
Use which ability? (? or * to list)
Press: ? - help, Shift-Dir - straight line, f - quokka, p - wight
Aim: a quokka (silenced)
The splash of poison hits the quokka.
You kill the quokka!
You feel slightly more hungry. The wight closely misses you.
The wight hits you with a runed hand axe.
You feel drained. The wight closely misses you.
Unknown command.
The wight hits you with a great sword!
* * * LOW HITPOINT WARNING * * *
The wight hits you with a runed hand axe.
You die...

... . .. .## #) ... ##(
..# #.. #.# #..
######### #.# #).
#.....z.## #.# #####..
#.....z@z#####.###......
#........##....z........
#........##...z###......
#.......###.#### #####..
######.## #)# #.. #.#
#z# #.. #.# #.# #..
#.####.# ##. #...z..# #.


You could see 3 wights.

Vanquished Creatures
  A hippogriff (D:7)
  2 wights (D:7)
  A hound (D:4)
  A scorpion (D:5)
  2 orc wizards
  4 adders (D:4)
  A worm (D:5)
  2 giant geckos
  An orc (D:4)
  A bat (D:1)
  2 hobgoblins
  2 jackals (D:3)
  2 quokkas
  A giant newt (D:5)
  4 goblins
  7 kobolds
  2 rats (D:1)
36 creatures vanquished.

Notes
Turn   | Place    | Note
--------------------------------------------------------------
     0 | D:1      | 4tharraofdagon, the Naga Fire Elementalist, began the quest for the Orb.
     0 | D:1      | Reached XP level 1. HP: 15/15 MP: 3/3
   114 | D:3      | Noticed an orc priest
   153 | D:3      | Reached XP level 2. HP: 1/22 MP: 0/4
   372 | D:4      | Noticed a phantom
   382 | D:5      | Entered Level 5 of the Dungeon
   414 | D:4      | Found a glowing golden altar of the Shining One.
   446 | D:4      | Reached XP level 3. HP: 12/28 MP: 0/6
   451 | D:4      | Learned a level 3 spell: Conjure Flame
   466 | D:4      | Noticed a centaur
   523 | D:4      | Reached XP level 4. HP: 14/36 MP: 2/7
   554 | D:4      | Reached skill level 4 in Fire Magic
   667 | D:5      | Reached XP level 5. HP: 40/42 MP: 9/9
   716 | D:5      | Noticed araganzar's ghost (average FoCK)
   774 | D:6      | Learned a level 4 spell: Sticky Flame
   852 | D:7      | Noticed a hippogriff
   862 | D:7      | Killed a hippogriff
   862 | D:7      | Reached XP level 6. HP: 24/49 MP: 2/11
   925 | D:7      | Reached skill level 5 in Fire Magic
   960 | D:7      | rotfl
   971 | D:7      | HP: 1/49 [wight/great sword (15)]
   971 | D:7      | Slain by a wight

Action                   |  1- 3 |  4- 6 || total
-------------------------+-------+-------++-------
Melee: Unarmed           |     4 |       ||     4
       Blowgun           |       |     4 ||     4
 Fire: Blowgun           |    11 |    26 ||    37
Throw: Dart              |     1 |       ||     1
 Cast: Flame Tongue      |    20 |    15 ||    35
       Conjure Flame     |       |     1 ||     1
       Sticky Flame      |       |     2 ||     2
 Abil: Spit Poison       |    12 |    11 ||    23
  Use: Scroll            |     2 |     2 ||     4
       Potion            |     1 |     6 ||     7
